 Dungeon Crawl Stone Soup version 0.31-a0-771-g505c3d19dc (webtiles) character file.

Game seed: 17889275783770474187

120385 Pooter the Severer (level 16, -5/149 HPs)
             Began as a Minotaur Berserker on Sept 16, 2023.
             Was a High Priest of Trog.
             Slain by a deep elf archer
             ... wielding a +0 short sword
              (9 damage)
             ... on level 1 of the Elven Halls on Sept 17, 2023.
             The game lasted 02:30:25 (34831 turns).

Pooter the Severer (Minotaur Berserker)            Turns: 34831, Time: 02:30:26

Health: -5/149     AC: 21    Str: 24    XL:     16   Next: 30%
Magic:  15/15      EV: 10    Int:  5    God:    Trog [*****.]
Gold:   449        SH:  0    Dex: 15    Spells: 15/15 levels left

rFire   + + +        a - +9 battleaxe (protect)
rCold   + . .        (shield currently unavailable)
rNeg    . . .        V - +3 plate armour {rPois}
rPois   +            R - +0 hat
rElec   +            z - scarf {rC+ rF+}
rCorr   .            H - +2 pair of gloves {Dex+3}
SInv    +            h - +0 pair of boots
Will    +....        Q - amulet of regeneration Stlth
                     F - ring of Saffurets {Fly rElec rF++ Int-3 Slay+2}
HPRegen 1.24/turn    S - ring of see invisible
MPRegen 0.14/turn

%: no passive effects
@: mighty, on berserk cooldown, flying
A: horns 2, retaliatory headbutt
a: Renounce Religion, Berserk, Trog's Hand, Brothers in Arms


You were on level 1 of the Elven Halls.
You worshipped Trog.
Trog was extremely pleased with you.
You visited 4 branches of the dungeon, and saw 23 of its levels.
You visited 1 bazaar.
You also visited: Sewer and Gauntlet.

You collected 2479 gold pieces.
You spent 2030 gold pieces at shops.

Inventory:

Hand Weapons
 a - a +9 battleaxe of protection (weapon)
   (You took it off a wight on level 8 of the Dungeon)
 b - a +3 longbow of flaming
   (You took it off Nessos on level 15 of the Dungeon)
 J - a +0 battleaxe of flaming
   (You took it off an orc warrior on level 7 of the Dungeon)
Missiles
 c - 3 atropa-tipped darts
 w - 66 poisoned darts
 B - 25 curare-tipped darts (quivered)
 E - 7 boomerangs
 U - 5 javelins
Armour
 h - a +0 pair of boots (worn)
   (You found it on level 1 of the Dungeon)
 x - a +5 plate armour
   (You took it off an orc warrior on level 7 of the Dungeon)
 z - a scarf of resistance (worn)
   (You found it on level 12 of the Dungeon)
 H - a +2 pair of gloves of dexterity (worn)
   (You bought it in a shop on level 1 of the Elven Halls)
 R - a +0 hat (worn)
   (You took it off Gastronok on level 3 of the Lair of Beasts)
 V - a +3 plate armour of poison resistance (worn)
   (You bought it in a shop in a bazaar)
Jewellery
 l - a +4 ring of protection
   (You took it off an orc priest on level 12 of the Dungeon)
 o - the ring "Isuuf" {rCorr Stlth+}
   (You found it in a Gauntlet)

   [ring of resist corrosion]

   rCorr:     It protects you from acid and corrosion.
   Stlth+:    It makes you more stealthy.
 p - the ring of Igoivvuq {rCorr Str+6 Int+3}
   (You found it in a Gauntlet)

   [ring of strength]

   Str+6:     It affects your strength (+6).
   Int+3:     It affects your intelligence (+3).
   rCorr:     It protects you from acid and corrosion.
 y - an amulet of reflection
   (You found it on level 7 of the Dungeon)
 F - the ring of Saffurets (left hand) {Fly rElec rF++ Int-3 Slay+2}
   (You found it on level 5 of the Dungeon)

   [ring of flight]

   Int-3:     It affects your intelligence (-3).
   Slay+2:    It affects your accuracy & damage with ranged weapons and melee
   (+2).
   rF++:      It greatly protects you from fire.
   rElec:     It insulates you from electricity.
   Fly:       It grants you flight.
 I - a ring of protection from cold
   (You found it on level 1 of the Lair of Beasts)
 N - a ring of positive energy
   (You found it on level 8 of the Dungeon)
 P - a ring of poison resistance
   (You found it on level 11 of the Dungeon)
 Q - an amulet of regeneration (around neck)
   (You bought it in a shop in a bazaar)
 S - a ring of see invisible (right hand)
   (You found it on level 5 of the Lair of Beasts)
 T - the ring "Hizet" {rElec rN+ Will++ Str+6}
   (You found it in a Gauntlet)

   [ring of strength]

   Str+6:     It affects your strength (+6).
   rElec:     It insulates you from electricity.
   rN+:       It protects you from negative energy.
   Will++:    It greatly increases your willpower.
Wands
 d - a wand of iceblast (33)
   (You took it off Pikel on level 4 of the Dungeon)
 f - a wand of flame (8)
   (You found it on level 12 of the Dungeon)
 m - a wand of mindburst (30)
   (You found it on level 2 of the Dungeon)
 u - a wand of paralysis (18)
   (You found it on level 8 of the Dungeon)
 D - a wand of digging (13)
   (You found it on level 15 of the Dungeon)
 L - a wand of quicksilver (9)
   (You found it on level 9 of the Dungeon)
 Z - a wand of polymorph (4)
   (You found it on level 11 of the Dungeon)
Scrolls
 g - a scroll of silence
 i - a scroll of identify {@r1}
 s - 2 scrolls of vulnerability {!r}
 t - 5 scrolls of teleportation {@r4}
 v - 5 scrolls of fog
 A - a scroll of butterflies
 C - 3 scrolls of fear
 K - 4 scrolls of noise {!r}
 W - 2 scrolls of immolation {!r}
Potions
 e - 10 potions of heal wounds {@q2}
 j - 3 potions of enlightenment
 k - 3 potions of cancellation
 n - 2 potions of might
 q - 2 potions of haste {@q3}
 r - 5 potions of mutation {!q}
 G - 5 potions of lignification {!q}
 M - 2 potions of resistance
 X - 6 potions of curing {@q1}
 Y - 4 potions of attraction {!q}


   Skills:
 + Level 15.4 Fighting
 - Level 20.0 Axes
 * Level 17.5 Ranged Weapons
 + Level 8.6 Armour
 + Level 7.8 Dodging
 - Level 9.7 Evocations


You had 15 spell levels left.
You didn't know any spells.
Your spell library was empty.

Dungeon Overview and Level Annotations

Branches:
Dungeon (15/15) Zot: 25696  Temple (0/1) D:7            Lair (5/5) D:10 Zot: 19867
 Shoals (0/4) Lair:3        Snake (0/4) Lair:2        Slime (0/5) Lair:4
    Orc (2/2) D:12 Zot: 6500     Elf (1/3) Orc:2 Zot: 5549  Vaults (0/5) D:13
 Depths (0/4) D:15          Sewer (visited)         Gauntlet (visited)

Altars:
Ashenzari
Gozag
Hepliaklqana
Nemelex Xobeh
Trog
Uskayaw
Zin
Jiyva

Shops:
D:1 =   D:4 *   D:5 :   D:8 (   Orc:2 [*(:   Elf:1 [=(

Annotations:
D:3 1 runed translucent door, Crazy Yiuf
D:10 1 runed translucent door
D:12 3 transporters


Innate Abilities, Weirdness & Mutations

You have a pair of horns on your head.
You reflexively headbutt those who attack you in melee.


Message History

Trog accepts your kill.
Trog appreciates your killing of a magic user.
The deep elf zephyrmancer points at you and mumbles some strange words.
The bolt of lightning hits you. You resist.
* * * LOW HITPOINT WARNING * * *
You slice the deep elf zephyrmancer!!
The deep elf zephyrmancer hits you but does no damage. x2
You slice the deep elf zephyrmancer!!
You kill the deep elf zephyrmancer!
Trog accepts your kill.
Trog appreciates your killing of a magic user.
You start resting.
A deep elf zephyrmancer comes into view.
It is wielding a +0 short sword.
The deep elf zephyrmancer casts a spell at you.
The bolt of lightning hits you. You resist.
* * * LOW HITPOINT WARNING * * *
A deep elf knight comes into view. It is wielding a +2 heavy long sword.
You hear a shout! x2
A deep elf archer comes into view. It is wielding a +0 short sword.
The deep elf archer shouts!
The deep elf zephyrmancer mumbles some strange words.
The deep elf zephyrmancer blinks!
The deep elf knight unwields a +2 heavy long sword.
The deep elf knight wields a +0 shortbow.
The deep elf knight shoots an arrow.
The arrow hits you but does no damage.
The deep elf archer unwields a +0 short sword.
The deep elf archer wields a +0 longbow.
The deep elf archer shoots an arrow.
The arrow barely misses you.
Things that are here:
a +0 long sword; a +0 leather armour; an elf corpse The deep elf zephyrmancer mumbles some strange words.
The deep elf zephyrmancer blinks!
The deep elf knight shoots an arrow.
The arrow hits you but does no damage.
The deep elf archer shoots an arrow.
The arrow hits you!!
* * * LOW HITPOINT WARNING * * *
Things that are here:
a +0 long sword; a +0 long sword of holy wrath; an elf corpse You feel yourself speed up.
The deep elf archer unwields a +0 longbow.
The deep elf archer wields a +0 short sword.
The deep elf archer hits you with a +0 short sword!
* * * LOW HITPOINT WARNING * * *
The deep elf knight points at you and mumbles some strange words.
The shard of ice hits you!! You partially resist.
* * * LOW HITPOINT WARNING * * *
The deep elf zephyrmancer mumbles some strange words.
The deep elf zephyrmancer blinks!
The deep elf knight shoots an arrow.
The arrow closely misses you.
The deep elf archer hits you with a +0 short sword!
You die...

##.# .§. ##.#.
.... ##.#.#
.#§.... ##.#.##
#.#e. .# ##.#.##
####..# .####.#.##
.....## #?##.#)##
# #e#..###.#.#.##
#. #.@...##.)#.##
.# ###)##)#)#.##
#).##)).##
#.)..)...#
#..)#)..#.#
:.'ee.+)#)####...#
.##...#...# ...#
#..#.#.##. .$.#
... . #.. .# #.##


You could see a deep elf archer (repels missiles) and a deep elf knight.

Vanquished Creatures
  A lich (D:10)
  Gastronok (Lair:3)
  Kirke (Lair:5)
  A deep elf sorcerer (Elf:1)
  2 orc warlords
  The ghost of epsilonplus the Severer, a journeyman FoFi of Zin (D:14)
  The ghost of Skeral the Grappler, a journeyman TrSh of Wu Jian (D:12)
  Nessos (D:15)
  Azrael (Orc:1)
  A minotaur (Gauntlet)
  An ettin (D:15)
  A green death (Gauntlet)
  A fire dragon (Lair:5)
  7 hydras
  Erica (D:8)
  Erolcha (Orc:2)
  7 centaur warriors
  A catoblepas (Lair:3)
  3 tengu warriors
  The ghost of AiryTheDragon the Cudgeller, a journeyman GrFi (D:10)
  7 boulder beetles
  5 death yaks (Lair:5)
  4 two-headed ogres
  2 orc high priests (Orc:2)
  2 deep elf knights (Elf:1)
  Nergalle (Orc:1)
  A shadow wraith (D:10)
  A skyshark (Lair:5)
  Sonja (Orc:1)
  A hell knight (D:15)
  8 skeletal warriors
  4 wizards
  Pikel (D:4)
  A deep elf archer (Elf:1)
  A necromancer (D:10)
  14 deep elf pyromancers
  A lindwurm (Lair:5)
  12 deep elf zephyrmancers (Elf:1)
  3 oklob plants (Lair:3)
  A manticore (shapeshifter) (Elf:1)
  3 orc sorcerers
  4 orc knights
  15 ugly things
  4 cyclopes
  4 manticores
  4 black mambas
  2 orange demons (Gauntlet)
  2 molten gargoyles (Lair:5)
  Joseph (D:8)
  A gargoyle (D:10)
  8 rime drakes
  9 cane toads
  3 centaur skeletons (D:11)
  11 komodo dragons
  A kobold demonologist (D:10)
  A tengu conjurer (D:14)
  6 trolls
  A polar bear (Lair:5)
  A wind drake (Lair:3)
  2 hornets
  14 blink frogs
  6 dream sheep
  2 centaur simulacra
  6 slime creatures
  A shadow (D:11)
  A wraith (D:13)
  9 wyverns
  71 yaks
  11 basilisks
  A hog (Lair:5)
  6 fire elementals
  4 vampires
  The ghost of tinescath the Insei, an amateur DgSh (D:4)
  6 steam dragons
  A warg (Orc:1)
  A swamp worm (Gauntlet)
  5 acid dragons
  2 nagas (Lair:2)
  11 water moccasins
  7 hell hounds
  Duvessa (D:7)
  31 orc warriors
  A meliai simulacrum (D:10)
  3 ice beasts
  A black bear (Lair:2)
  A swamp drake (D:10)
  9 ogres
  6 wolves (Lair:1)
  11 centaurs
  24 kobold brigands
  18 bullfrogs
  5 scorpions
  5 wights (D:8)
  Dowan (D:7)
  21 killer bees
  3 howler monkeys (D:8)
  8 electric eels
  5 lava snakes (Lair:5)
  15 orc priests
  3 hounds
  5 jellies
  4 iguanas
  26 orc wizards
  6 hell rats (Lair:3)
  A howler monkey zombie (D:11)
  Robin (D:4)
  11 adders
  8 gnolls
  4 river rats
  2 shadow imps
  3 white imps
  A worm (D:3)
  2 dart slugs
  79 orcs
  11 endoplasms
  7 giant cockroaches
  13 hobgoblins
  5 jackals
  29 kobolds
  3 quokkas
  5 ball pythons
  7 bats
  A frilled lizard (D:1)
  14 goblins
  6 rats
781 creatures vanquished.

Vanquished Creatures (collateral kills)
  An ugly thing (D:15)
  An orc warrior (D:12)
  4 orcs (D:12)
6 creatures vanquished.

Vanquished Creatures (others)
  A wizard (D:15)
  A deep elf zephyrmancer (Elf:1)
  4 humans (Lair:5)
6 creatures vanquished.

Grand Total: 793 creatures vanquished

Notes
Turn   | Place    | Note
-------+----------+-------------------------------------------
     0 | D:1      | Pooter the Minotaur Berserker began the quest for the Orb.
     0 | D:1      | Reached XP level 1. HP: 19/19 MP: 0/0
    55 | D:1      | Reached skill level 4 in Axes
   155 | D:1      | Found Zebasyg's Jewellery Boutique.
   246 | D:1      | Reached XP level 2. HP: 27/27 MP: 1/1
   839 | D:2      | Reached XP level 3. HP: 33/33 MP: 2/2
   904 | D:2      | Reached skill level 5 in Axes
   908 | D:2      | Reached XP level 4. HP: 41/41 MP: 3/3
   979 | D:2      | Found a sparkling altar of Nemelex Xobeh.
  1027 | D:2      | Reached ** piety under Trog
  1405 | D:3      | Reached skill level 1 in Ranged Weapons
  1514 | D:3      | Noticed a scorpion
  1523 | D:3      | Killed a scorpion
  1524 | D:3      | Reached skill level 6 in Axes
  1524 | D:3      | Reached XP level 5. HP: 39/47 MP: 4/4
  1577 | D:3      | Reached skill level 5 in Fighting
  2151 | D:3      | Found a hazy altar of Hepliaklqana.
  2188 | D:3      | Found a faded altar of an unknown god.
  2212 | D:3      | Found a runed translucent door.
  2213 | D:3      | Noticed Crazy Yiuf
  2397 | D:4      | Found a glowing drain.
  2401 | D:4      | Reached XP level 6. HP: 56/56 MP: 5/5
  2402 | D:4      | Noticed Pikel
  2407 | Sewer    | Entered a sewer
  2432 | Sewer    | Reached *** piety under Trog
  2725 | Sewer    | Found a white marble altar of Elyvilon.
  2810 | D:4      | Killed Pikel
  2811 | D:4      | Reached skill level 8 in Axes
  2811 | D:4      | Reached skill level 5 in Ranged Weapons
  2811 | D:4      | Reached XP level 7. HP: 63/63 MP: 6/6
  2858 | D:4      | Found a runed translucent door.
  2859 | D:4      | Noticed tinescath's ghost (amateur DgSh)
  2872 | D:4      | Killed tinescath's ghost
  2873 | D:4      | Reached XP level 8. HP: 71/71 MP: 4/7
  2902 | D:4      | Found Zuah's General Store.
  2910 | D:4      | Bought a scroll of blinking for 90 gold pieces
  2910 | D:4      | Bought a potion of degeneration for 12 gold pieces
  2910 | D:4      | Bought a wand of mindburst (4) for 67 gold pieces
  2910 | D:4      | Bought a scroll of noise for 12 gold pieces
  2948 | D:4      | Noticed Robin
  2965 | D:4      | Killed Robin
  3360 | D:4      | You fall into a shaft and drop 3 floors!
  3547 | D:7      | Reached skill level 9 in Axes
  3635 | D:7      | Noticed Duvessa
  3638 | D:7      | Noticed Dowan
  3824 | D:5      | Entered Level 5 of the Dungeon
  4280 | D:5      | Identified the ring of Saffurets {Fly rElec rF++ Int-3
                  | Slay+2}
  4920 | D:5      | Found an opulent altar of Gozag.
  4923 | D:5      | Found Plog's Tiny Tomes.
  5257 | D:6      | Found a glowing silver altar of Zin.
  5257 | D:6      | Noticed an angel
  5375 | D:6      | Reached skill level 10 in Axes
  5375 | D:6      | Reached XP level 9. HP: 34/79 MP: 8/8
  6477 | D:7      | Killed Dowan
  6482 | D:7      | Killed Duvessa
  6622 | D:7      | Found a staircase to the Ecumenical Temple.
  6686 | D:7      | Identified the +0 ring mail of Hairiness {rN+}
  7042 | D:8      | Found Soquun's Antique Weapon Emporium.
  7106 | D:8      | Reached skill level 11 in Axes
  7111 | D:8      | Reached **** piety under Trog
  7231 | D:8      | Reached XP level 10. HP: 90/90 MP: 9/9
  7577 | D:8      | Reached skill level 12 in Axes
  7613 | D:8      | Noticed Joseph
  7617 | D:8      | Killed Joseph
  7618 | D:8      | Reached skill level 10 in Ranged Weapons
  7618 | D:8      | Reached skill level 1 in Evocations
  7867 | D:8      | Noticed Erica
  7875 | D:8      | Killed Erica
  7978 | D:9      | Noticed a two-headed ogre
  8025 | D:8      | Killed a two-headed ogre
  8026 | D:8      | Reached skill level 13 in Axes
  8539 | D:9      | Found a bloodstained altar of Trog.
  8631 | D:9      | Identified the +3 chain mail of Raplaikh {Drain *Slow MP+9
                  | Int+8}
  8740 | D:9      | Paralysed by a hornet for 1 turns
  8829 | D:9      | Reached XP level 11. HP: 88/99 MP: 10/10
  9209 | D:10     | Entered Level 10 of the Dungeon
  9220 | D:10     | Found a runed translucent door.
  9377 | D:10     | Found a broken altar of Ashenzari.
  9437 | D:10     | Reached skill level 10 in Fighting
  9640 | D:10     | Found a staircase to the Lair.
  9646 | Lair:1   | Entered Level 1 of the Lair of Beasts
  9662 | Lair:1   | Found a hide-covered altar of Uskayaw.
  9944 | Lair:1   | Reached skill level 14 in Axes
 10140 | Lair:1   | Noticed a boulder beetle
 10152 | Lair:1   | Killed a boulder beetle
 11282 | Lair:2   | Reached XP level 12. HP: 108/108 MP: 11/11
 11436 | Lair:2   | Reached skill level 15 in Axes
 11530 | Lair:2   | Found a staircase to the Snake Pit.
 11549 | Lair:2   | Found a gate leading to a gauntlet.
 11558 | Gauntlet | Entered a Gauntlet
 11558 | Gauntlet | Found a transporter.
 11558 | Gauntlet | Found a transporter.
 11558 | Gauntlet | Found a transporter.
 11559 | Gauntlet | Found a transporter.
 11562 | Gauntlet | Found a transporter.
 11562 | Gauntlet | Found a transporter.
 11599 | Gauntlet | Noticed a catoblepas
 11600 | Gauntlet | Identified the ring "Isuuf" {rCorr Stlth+}
 11642 | Gauntlet | Found a transporter.
 11644 | Gauntlet | Found a transporter.
 11649 | Gauntlet | Identified the ring of Igoivvuq {rCorr Str+6 Int+3}
 11658 | Gauntlet | Noticed a green death
 11658 | Gauntlet | Found a transporter.
 11673 | Gauntlet | Killed a green death
 11674 | Gauntlet | Reached skill level 5 in Evocations
 11851 | Gauntlet | Identified the ring "Hizet" {rElec rN+ Will++ Str+6}
 11858 | Gauntlet | Found a transporter.
 11862 | Gauntlet | Noticed a minotaur
 11869 | Gauntlet | Killed a minotaur
 12040 | Gauntlet | Noticed a death scarab
 12040 | Gauntlet | Noticed a death scarab
 12901 | Lair:3   | Noticed a catoblepas
 12910 | Lair:3   | Killed a catoblepas
 13332 | Lair:3   | Found a staircase to the Shoals.
 13540 | Lair:3   | Noticed a seven-headed hydra
 13549 | Lair:3   | Killed a five-headed hydra
 13669 | Lair:3   | Reached skill level 16 in Axes
 14179 | Lair:3   | Noticed Gastronok
 14192 | Lair:3   | Killed Gastronok
 14291 | Lair:3   | Reached XP level 13. HP: 117/117 MP: 12/12
 15322 | Lair:4   | You are sucked into a shaft and drop 1 floor!
 15322 | Lair:5   | Entered Level 5 of the Lair of Beasts
 16296 | Lair:4   | Found a viscous altar of Jiyva.
 16297 | Lair:4   | Found a staircase to the Slime Pits.
 16701 | Lair:4   | Reached skill level 17 in Axes
 16756 | Lair:5   | Reached skill level 15 in Ranged Weapons
 16761 | Lair:5   | Noticed Kirke
 16767 | Lair:5   | Killed Kirke
 19453 | Lair:5   | Found a large runed translucent door.
 19453 | Lair:5   | Found a large runed translucent door.
 19454 | Lair:5   | Noticed a fire dragon
 19715 | Lair:5   | Reached XP level 14. HP: 124/127 MP: 13/13
 19779 | Lair:5   | Reached skill level 18 in Axes
 21194 | D:10     | Noticed a lich
 21197 | D:10     | Noticed AiryTheDragon's ghost (journeyman GrFi)
 21289 | D:10     | Found a runed translucent door.
 22674 | D:12     | Found a staircase to the Orcish Mines.
 22928 | D:12     | Reached ***** piety under Trog
 24160 | D:12     | Found a transporter.
 24166 | D:12     | Found a transporter.
 24190 | D:12     | Found a transporter.
 24365 | D:12     | Found a transporter.
 24473 | D:12     | Found a runed translucent gate.
 24474 | D:12     | Found a runed translucent gate.
 24474 | D:12     | Noticed Skeral's ghost (journeyman TrSh)
 24474 | D:12     | Identified the +5 chain mail "Cuashript" {rF- rC+ Str+4}
 24475 | D:12     | Found a runed translucent gate.
 24477 | D:12     | Identified the +5 scale mail of Ydemis {MP+9 Int+4}
 24596 | D:12     | Killed Skeral's ghost
 24686 | Orc:1    | Entered Level 1 of the Orcish Mines
 24692 | Orc:1    | Noticed Nergalle
 24704 | Orc:1    | Killed Nergalle
 26213 | Orc:1    | Noticed Sonja
 26218 | Orc:1    | Killed Sonja
 26368 | Orc:2    | Entered Level 2 of the Orcish Mines
 26864 | Orc:2    | Reached skill level 19 in Axes
 26864 | Orc:2    | Noticed an orc warlord
 27606 | Orc:1    | Killed an orc warlord
 28147 | Orc:2    | Noticed an orc warlord
 28319 | Orc:2    | Killed an orc warlord
 28455 | Orc:2    | Reached skill level 5 in Armour
 28598 | Orc:2    | Reached XP level 15. HP: 135/138 MP: 14/14
 28619 | Orc:2    | Noticed Azrael
 28634 | Orc:1    | Killed Azrael
 29129 | Orc:2    | Noticed Erolcha
 29142 | Orc:2    | Killed Erolcha
 29857 | Orc:2    | Found Ymeggunima's Antique Weapon Shop.
 29864 | Orc:2    | Bought an arbalest for 157 gold pieces
 29877 | Orc:2    | Found Qezai's Book Shop.
 29922 | Orc:2    | Found Lenynaf's General Store.
 29928 | Orc:2    | Bought a wand of paralysis (4) for 115 gold pieces
 29928 | Orc:2    | Bought a potion of resistance for 120 gold pieces
 29928 | Orc:2    | Bought a potion of curing for 36 gold pieces
 29968 | Orc:2    | Found a staircase to the Elven Halls.
 30036 | Orc:2    | Found Iblacybb's Antique Armour Shop.
 30777 | D:13     | Reached skill level 5 in Dodging
 31135 | D:13     | Found a gate to the Vaults.
 32275 | D:14     | Found a runed translucent door.
 32309 | D:14     | Noticed epsilonplus's ghost (journeyman FoFi)
 32329 | D:14     | Killed epsilonplus's ghost
 32391 | D:14     | Reached skill level 20 in Axes
 32853 | D:15     | Entered Level 15 of the Dungeon
 32912 | D:15     | Noticed Nessos
 32932 | D:15     | Killed Nessos
 33446 | D:15     | Found a flickering gateway to a bazaar.
 33455 | Bazaar   | Entered a bazaar
 33496 | Bazaar   | Found Kopnagge's Armour Boutique.
 33498 | Bazaar   | Found Fouck's Jewellery Emporium.
 33509 | Bazaar   | Found Sickob's Distillery.
 33513 | Bazaar   | Found Rafiyd's Jewellery Emporium.
 33517 | Bazaar   | Bought a potion of heal wounds for 45 gold pieces
 33517 | Bazaar   | Bought a potion of lignification for 27 gold pieces
 33517 | Bazaar   | Bought a potion of haste for 90 gold pieces
 33517 | Bazaar   | Bought a potion of mutation for 72 gold pieces
 33517 | Bazaar   | Bought a potion of heal wounds for 45 gold pieces
 33528 | Bazaar   | Found Lahopi Jaug's Armour Boutique.
 33564 | Bazaar   | Bought a +3 plate armour of poison resistance for 546 gold
                  | pieces
 33593 | Bazaar   | Bought an amulet of regeneration for 360 gold pieces
 33682 | D:15     | Found a staircase to the Depths.
 34138 | D:10     | Killed a lich
 34139 | D:10     | Reached skill level 15 in Fighting
 34147 | D:10     | Killed AiryTheDragon's ghost
 34372 | Elf:1    | Entered Level 1 of the Elven Halls
 34376 | Elf:1    | Reached XP level 16. HP: 149/149 MP: 15/15
 34640 | Elf:1    | Found Toudal's Weapon Shop.
 34642 | Elf:1    | Found Poitrutt's Jewellery Boutique.
 34644 | Elf:1    | Found Femnoa's Armour Shop.
 34660 | Elf:1    | Bought a +2 pair of gloves of dexterity for 236 gold pieces
 34770 | Elf:1    | Received a gift from Trog
 34831 | Elf:1    | HP: 4/149 [deep elf knight/shard of ice (18)]
 34831 | Elf:1    | Slain by a deep elf archer

Illustrated notes

Levels and vault maps discovered:
D:1:      dpeg_arrival_simpleton_c, layout_basic, serial_shops,
          nicolae_shop_waterfront
D:2:      layout_rooms, basic_altar
D:3:      layout_basic, nicolae_hepliaklqana_hippocampus,
          ebering_ecumenical_altar_mist, nicolae_figureground_pulse,
          uniq_crazy_yiuf_cottage
D:4:      layout_rooms, cheibrodos_sewer_entry_sluice, serial_shops, shop,
          ebering_ghost_sewer_d, hangedman_decor_points, uniq_pikel, uniq_robin
D:5:      layout_basic, mainiacjoe_overflow_small_starburst, corner_web_ring,
          nicolae_shop_i_like_small_books_too
D:6:      layout_loops_ring, zin_angel, kennysheep_nondescript
D:7:      layout_loops_ring, minmay_temple_entry_ruins, uniq_duvessa
D:8:      kennysheep_ambush_hall, layout_basic, serial_shops,
          nicolae_shop_pleasant_corner_grove, supply_closet_lemuel,
          chequers_big_river, mrwooster_statue_mirror, nicolae_the_louvre,
          uniq_joseph, uniq_erica
D:9:      layout_long_grid, overflow_temple_1_default, minivault_14
D:10:     layout_roguey [special_room_kobold], ashenzari_altar_1,
          erik_lair_dragon, muffindrake_ghost_dual_entry, minivault_22,
          nicolae_water_bricks
D:11:     layout_basic, hangedman_weighted_door, chequers_avenue
D:12:     layout_rooms, orc_0_dummy, biasface_ghost_orc_armoury,
          nicolae_transporter_intersection
D:13:     layout_stronghold, david_vaults_1, st_stairs_6
D:14:     layout_long_grid, gammafunk_ghost_grave, serial_rivers,
          chequers_serial_rivers_room_a, chequers_serial_rivers_room_a,
          chequers_serial_rivers_micro_e, chequers_serial_rivers_large_b,
          chequers_serial_rivers_room_a
D:15:     hangedman_depths_entry_civil_slaughter, layout_rooms, serial_shops,
          bzr_in_the_mist, small_statue_intersection, drop_trap, uniq_nessos
Lair:1:   layout_cave_pods, basic_altar, nzn_sisyphean_effort
Lair:2:   layout_cave_shapes, guppyfry_snake_entry_island,
          gauntlet_entry_generic, infiniplex_staircase_pool_2,
          grunt_megastairs_5
Lair:3:   minmay_lair_oklob_chamber, layout_long_grid,
          minmay_shoals_entry_beasts, uniq_gastronok
Lair:4:   layout_gridlike, nicolae_slime_entry_slimehenge,
          infiniplex_staircase_pool, grunt_megastairs_2
Lair:5:   cheibrodos_lair_end_hotspot, layout_regular_city, uniq_kirke
Orc:1:    layout_caves, uniq_nergalle, uniq_sonja
Orc:2:    grunt_orc_cross, layout_diamond_mine, bh_open_orc_temple, uniq_azrael,
          uniq_erolcha
Elf:1:    eino_elf_arrival_the_gate, layout_rooms, serial_shops, shop,
          minmay_elf_annihilation, minmay_shop_star

Skill      XL: |  1  2  3  4  5  6  7  8  9 10 11 12 13 14 15 16 |
---------------+-------------------------------------------------+-----
Axes           | 4 5 6 8 10 11 13 14 16 17 19 20 | 20.0
Fighting       | 4 5 6 7 8 9 10 11 12 14 15 | 15.4
Ranged Weapons | 1 2 5 7 9 11 12 14 15 16 17 | 17.5
Evocations     | 2 4 6 7 8 9 |  9.7
Armour         | 5 7 8 |  8.6
Dodging        | 4 7 |  7.8

Action                     |  1- 3 |  4- 6 |  7- 9 | 10-12 | 13-15 | 16-18 || total
---------------------------+-------+-------+-------+-------+-------+-------++-------
  Melee: Hand axe          |    51 |     3 |       |       |       |       ||    54
         Headbutt          |     6 |    16 |    32 |    50 |   176 |    12 ||   292
         Spear             |       |   169 |    29 |       |       |       ||   198
         War axe           |       |       |    64 |       |       |       ||    64
         Battleaxe         |       |       |    92 |   307 |   799 |    68 ||  1266
   Fire: Sling             |       |    59 |     8 |       |       |       ||    67
         Orcbow            |       |       |    21 |    95 |   288 |       ||   404
         Arbalest          |       |       |       |       |    46 |       ||    46
         Longbow           |       |       |       |       |       |    31 ||    31
  Throw: Dart              |       |       |     7 |    19 |    13 |       ||    39
         Javelin           |       |       |       |       |     3 |       ||     3
 Invoke: Berserk           |     3 |     2 |     9 |    10 |    18 |     2 ||    44
         Trog's Hand       |       |       |     7 |    17 |    22 |     2 ||    48
         Brothers in Arms  |       |       |       |       |     2 |       ||     2
  Evoke: Wand              |       |     2 |    17 |    11 |     7 |       ||    37
    Use: Scroll            |       |     7 |     5 |    10 |    11 |       ||    33
         Potion            |       |       |     1 |     2 |     4 |     1 ||     8
   Stab: Paralysed         |       |       |       |       |     4 |       ||     4
 Armour: Animal skin       |    32 |    35 |       |       |       |       ||    67
         Chain mail        |       |    62 |    29 |       |       |       ||    91
         Plate armour      |       |       |   130 |   366 |   773 |    89 ||  1358
  Dodge: Dodged            |    39 |    72 |    67 |   102 |   258 |    20 ||   558
  Block: Buckler           |       |    14 |    12 |       |       |       ||    26
         Other             |       |       |     9 |    71 |   163 |       ||   243
         Reflection        |       |       |     1 |     2 |    13 |       ||    16

Table legend: (Time is in decaauts)
 A = Elapsed time spent in this place.
 B = Non-inter-level travel time spent in this place.
 C = Inter-level travel time spent in this place.
 D = Time resting spent in this place.
 E = Time spent auto-exploring this place.
 F = Levels seen in this place.
 G = Mean time per level.
                   A        B        C        D        E       F      G
               +--------+--------+--------+--------+--------+-----+--------+
         Total |  35152 |  34261 |    891 |  14295 |  14294 |  26 | 1352.0 |
       Dungeon |  18001 |  17473 |    528 |   4966 |   9207 |  15 | 1200.1 |
          Lair |  10132 |   9948 |    184 |   4936 |   3685 |   5 | 2026.4 |
  Orcish Mines |   5499 |   5321 |    178 |   3819 |    960 |   2 | 2749.5 |
   Elven Halls |    448 |    448 |      0 |     44 |    212 |   1 |  448.0 |
        Bazaar |    158 |    158 |      0 |      0 |     74 |   1 |  158.0 |
         Sewer |    389 |    389 |      0 |    166 |    136 |   1 |  389.0 |
      Gauntlet |    521 |    521 |      0 |    363 |     20 |   1 |  521.0 |
               +--------+--------+--------+--------+--------+-----+--------+

Top non-repeatable levels by time:
  Lair:5: 3485 daAuts
   Orc:1: 2870 daAuts
   Orc:2: 2629 daAuts
  Lair:3: 2442 daAuts
  Lair:4: 1855 daAuts
    D:10: 1839 daAuts
    D:11: 1822 daAuts
    D:13: 1594 daAuts
    D:12: 1526 daAuts
  Lair:1: 1455 daAuts
     D:7: 1424 daAuts
    D:14: 1306 daAuts
     D:5: 1276 daAuts
     D:8: 1217 daAuts
     D:9: 1013 daAuts
